3AA
RICHLAND RAILS @ BILLINGS POLAR BEARS
09/17/2026
 
TOP OF THE 1ST
Richland Rails batting - Pitching for Billings Polar Bears : RHP Tim Cross
Pitching: RHP Tim Cross
Batting: RHB Fernando Granados 0-0: Ball
1-0: Foul Ball, location: 2F
1-1: Fly out, F9 (Flyball, 9)
Batting: LHB Orlando Casillas 0-0: Ground out 3-1 (Groundball, 34S)
Batting: SHB Jasper Otto 0-0: Called Strike
0-1: Ball
1-1: Ball
2-1: SINGLE (Flyball, 8RS)
Batting: SHB Pablo Coloa 0-0: Ball
1-0: Ground out 4-3 (Groundball, 4D)
Top of the 1st over - 0 run(s), 1 hit(s), 0 error(s), 1 left on base; Richland 0 - Billings 0
BOTTOM OF THE 1ST
Billings Polar Bears batting - Pitching for Richland Rails : RHP Gary Kellenberger
Pitching: RHP Gary Kellenberger
Batting: RHB Jeff Conn 0-0: Ball
1-0: Ball
2-0: SINGLE (Flyball, 8LS)
Batting: RHB Tom Milligan 0-0: Called Strike
0-1: Ball
1-1: Ball
2-1: Foul Ball, location: 2F
2-2: Ground out 5-3 (Groundball, 56S)
Jeff Conn to second
Batting: LHB Víctor Fortis 0-0: Ball
1-0: Ball
2-0: Ball
3-0: Called Strike
3-1: Base on Balls
Batting: RHB Matt Roloff 0-0: Called Strike
0-1: Ball
1-1: Ball
2-1: Foul Ball, location: 2F
2-2: Strikes out swinging
Batting: LHB Homer Spence 0-0: Ball
1-0: Called Strike
1-1: Foul Ball, location: 2F
1-2: Ball
2-2: Ball
3-2: Strikes out swinging
Bottom of the 1st over - 0 run(s), 1 hit(s), 0 error(s), 2 left on base; Richland 0 - Billings 0
TOP OF THE 2ND
Richland Rails batting - Pitching for Billings Polar Bears : RHP Tim Cross
Batting: RHB Armando Rodríguez 0-0: Called Strike
0-1: Swinging Strike
0-2: Ball
1-2: Ball
2-2: Ball
3-2: Strikes out swinging
Batting: LHB Jorge Greenbaum 0-0: Foul Ball, location: 2F
0-1: Ball
1-1: Foul Ball, location: 2F
1-2: Strikes out swinging
Batting: RHB Kazu Hishida 0-0: Swinging Strike
0-1: Foul Ball, location: 2F
0-2: Ball
1-2: Fly out, F8 (Line Drive, 8LXD)
Top of the 2nd over - 0 run(s), 0 hit(s), 0 error(s), 0 left on base; Richland 0 - Billings 0
BOTTOM OF THE 2ND
Billings Polar Bears batting - Pitching for Richland Rails : RHP Gary Kellenberger
Batting: RHB Fernando Trinidad 0-0: Ball
1-0: Ground out 6-3 (Groundball, 6)
Batting: RHB Nathan Landrum 0-0: Called Strike
0-1: Foul Ball, location: 2F
0-2: Ball
1-2: Ball
2-2: Reached on error, E5 (Groundball, 56)
Batting: RHB Manny Alemán 0-0: Ball
1-0: Swinging Strike
1-1: Foul Ball, location: 2F
1-2: Foul Ball, location: 2F
1-2: Strikes out swinging
Batting: RHB Arturo Mateo 0-0: Ball
1-0: Called Strike
1-1: Foul Ball, location: 2F
1-2: Strikes out swinging
Bottom of the 2nd over - 0 run(s), 0 hit(s), 1 error(s), 1 left on base; Richland 0 - Billings 0
TOP OF THE 3RD
Richland Rails batting - Pitching for Billings Polar Bears : RHP Tim Cross
Batting: LHB Dave Watts 0-0: Ball
1-0: Foul Ball, location: 2F
1-1: Fly out, F2 (Popup, 3S)
Pitching: LHP Seihaci Igarachi
Batting: LHB Roberto Madrid 0-0: Foul Ball, location: 2F
0-1: Foul Ball, location: 2F
0-2: Strikes out looking
Batting: RHB Fernando Granados 0-0: Called Strike
0-1: Called Strike
0-2: Fly out, F4 (Popup, 4M)
Top of the 3rd over - 0 run(s), 0 hit(s), 0 error(s), 0 left on base; Richland 0 - Billings 0
BOTTOM OF THE 3RD
Billings Polar Bears batting - Pitching for Richland Rails : RHP Gary Kellenberger
Batting: RHB Jeff Conn 0-0: Ball
1-0: Called Strike
1-1: Called Strike
1-2: Ball
2-2: Ground out 1-3 (Groundball, P)
Batting: RHB Tom Milligan 0-0: Ball
1-0: Ball
2-0: Fly out, F8 (Flyball, 8LM)
Batting: LHB Víctor Fortis 0-0: Ball
1-0: Called Strike
1-1: Foul Ball, location: 2F
1-2: Foul Ball, location: 2F
1-2: Foul Ball, location: 2F
1-2: Hit by Pitch
Batting: RHB Matt Roloff 0-0: Foul Ball, location: 2F
0-1: Called Strike
0-2: Ball
1-2: Ball
2-2: Foul Ball, location: 2F
2-2: Strikes out swinging
Bottom of the 3rd over - 0 run(s), 0 hit(s), 0 error(s), 1 left on base; Richland 0 - Billings 0
TOP OF THE 4TH
Richland Rails batting - Pitching for Billings Polar Bears : LHP Seihaci Igarachi
Batting: LHB Orlando Casillas 0-0: Ball
1-0: Bunt for hit - play at first, batter OUT! 5-3
Batting: SHB Jasper Otto 0-0: Ball
1-0: Ball
2-0: Ball
3-0: Base on Balls
Batting: SHB Pablo Coloa 0-0: Fly out, F7 (Flyball, 78D)
Batting: RHB Armando Rodríguez 0-0: Ball
1-0: Ground out 4-3 (Groundball, 4M)
Top of the 4th over - 0 run(s), 0 hit(s), 0 error(s), 1 left on base; Richland 0 - Billings 0
BOTTOM OF THE 4TH
Billings Polar Bears batting - Pitching for Richland Rails : RHP Gary Kellenberger
Batting: LHB Homer Spence 0-0: Ball
1-0: Swinging Strike
1-1: Ball
2-1: SINGLE (Flyball, 8LS)
Batting: RHB Fernando Trinidad 0-0: Ball
1-0: Fly out, F2 (Popup, 23)
Batting: RHB Nathan Landrum 0-0: Called Strike
0-1: Ball
1-1: SINGLE (Line Drive, 78S)
Homer Spence to second
Batting: RHB Manny Alemán 0-0: Ball
1-0: Called Strike
1-1: Ground out 5-3 (Groundball, 56S)
Homer Spence to third
Nathan Landrum to second
Batting: RHB Arturo Mateo 0-0: Ground out U3 (Groundball, 23)
Bottom of the 4th over - 0 run(s), 2 hit(s), 0 error(s), 2 left on base; Richland 0 - Billings 0
TOP OF THE 5TH
Richland Rails batting - Pitching for Billings Polar Bears : LHP Seihaci Igarachi
Batting: LHB Jorge Greenbaum 0-0: Called Strike
0-1: Foul Ball, location: 2F
0-2: Strikes out swinging
Batting: RHB Kazu Hishida 0-0: Ball
1-0: Called Strike
1-1: Ball
2-1: Ball
3-1: Fly out, F9 (Flyball, 9S)
Batting: LHB Dave Watts 0-0: Foul Ball, location: 2F
0-1: Fly out, F7 (Line Drive, 78D)
Top of the 5th over - 0 run(s), 0 hit(s), 0 error(s), 0 left on base; Richland 0 - Billings 0
BOTTOM OF THE 5TH
Billings Polar Bears batting - Pitching for Richland Rails : RHP Gary Kellenberger
Batting: RHB Jeff Conn 0-0: Called Strike
0-1: Ball
1-1: Fly out, F3 (Popup, 3L)
Batting: RHB Tom Milligan 0-0: Ball
1-0: Fly out, F9 (Flyball, 9S)
Batting: LHB Víctor Fortis 0-0: Called Strike
0-1: Ball
1-1: Swinging Strike
1-2: Ball
2-2: Foul Ball, location: 2F
2-2: SINGLE (Groundball, 34D) (infield hit)
Batting: RHB Matt Roloff 0-0: Ball
1-0: Called Strike
1-1: Ball
2-1: Foul Ball, location: 2F
2-2: Single, Error in OF, E8, batter to second base
Víctor Fortis to third
Batting: LHB Homer Spence 0-0: Called Strike
0-1: Foul Ball, location: 2F
0-2: Ball
1-2: Ground out 4-3 (Groundball, 34D)
Bottom of the 5th over - 0 run(s), 2 hit(s), 1 error(s), 2 left on base; Richland 0 - Billings 0
TOP OF THE 6TH
Richland Rails batting - Pitching for Billings Polar Bears : LHP Seihaci Igarachi
Batting: LHB Roberto Madrid 0-0: Ball
1-0: Ball
2-0: Ground out U3 (Groundball, 34)
Batting: RHB Fernando Granados 0-0: Ball
1-0: Ball
2-0: Called Strike
2-1: Swinging Strike
2-2: Foul Ball, location: 2F
2-2: DOUBLE (Line Drive, 9LS)
Pitching: RHP Serafino Abreu
Batting: LHB Orlando Casillas 0-0: Ball
1-0: Swinging Strike
1-1: Called Strike
1-2: Strikes out swinging
Batting: SHB Jasper Otto 0-0: Swinging Strike
0-1: Ball
1-1: Ball
2-1: Ground out 5-3 (Groundball, 56S)
Top of the 6th over - 0 run(s), 1 hit(s), 0 error(s), 1 left on base; Richland 0 - Billings 0
BOTTOM OF THE 6TH
Billings Polar Bears batting - Pitching for Richland Rails : RHP Gary Kellenberger
Batting: RHB Fernando Trinidad 0-0: Ball
1-0: Called Strike
1-1: Ball
2-1: SINGLE (Flyball, 8LS)
Pitching: LHP Carlos Barajas
Batting: RHB Nathan Landrum 0-0: Reached on error, E3 (Groundball, 3S)
Fernando Trinidad to third
Batting: RHB Manny Alemán 0-0: Intentional Walk
Batting: RHB Arturo Mateo 0-0: Ball
1-0: SINGLE (Line Drive, 89M)
Fernando Trinidad scores
Nathan Landrum to third
Manny Alemán to second
Batting: RHB Jeff Conn 0-0: Ball
1-0: Fly out, F8 (Flyball, 8LM)
Runner from 3rd tags up, SCORES, throw made
Batting: RHB Tom Milligan 0-0: Ball
1-0: Fly out, F4 (Popup, 4D)
Batting: LHB Víctor Fortis 0-0: Ball
1-0: Ground out 4-3 (Groundball, 34)
Bottom of the 6th over - 2 run(s), 2 hit(s), 1 error(s), 2 left on base; Richland 0 - Billings 2
TOP OF THE 7TH
Richland Rails batting - Pitching for Billings Polar Bears : RHP Serafino Abreu
Batting: SHB Pablo Coloa 0-0: Called Strike
0-1: Called Strike
0-2: Ball
1-2: Foul Ball, location: 2F
1-2: Ball
2-2: Fly out, F9 (Flyball, 89S)
Batting: RHB Armando Rodríguez 0-0: Ground out 5-3 (Groundball, 5S)
Batting: LHB Jorge Greenbaum 0-0: Ball
1-0: Swinging Strike
1-1: Fly out, F5 (Line Drive, 56S)
Top of the 7th over - 0 run(s), 0 hit(s), 0 error(s), 0 left on base; Richland 0 - Billings 2
BOTTOM OF THE 7TH
Billings Polar Bears batting - Pitching for Richland Rails : LHP Carlos Barajas
Batting: RHB Matt Roloff 0-0: Ball
1-0: Ball
2-0: Called Strike
2-1: Foul Ball, location: 2F
2-2: Ball
3-2: Base on Balls
Batting: LHB Homer Spence 0-0: Ball
Matt Roloff is caught stealing 2nd base
1-0: Ball
2-0: Called Strike
2-1: Foul Ball, location: 2F
2-2: Strikes out swinging
Batting: RHB Fernando Trinidad 0-0: Called Strike
0-1: Foul Ball, location: 2F
0-2: Foul Ball, location: 2F
0-2: Ball
1-2: Ground out 6-3 (Groundball, 6)
Bottom of the 7th over - 0 run(s), 0 hit(s), 0 error(s), 0 left on base; Richland 0 - Billings 2
TOP OF THE 8TH
Richland Rails batting - Pitching for Billings Polar Bears : RHP Serafino Abreu
Now in LF: Jorge Díaz
Batting: RHB Kazu Hishida 0-0: SINGLE (Groundball, 56D)
Pitching: RHP José Maestas
Batting: LHB Dave Watts 0-0: Called Strike
0-1: Foul Ball, location: 2F
0-2: Foul Ball, location: 2F
0-2: Foul Ball, location: 2F
0-2: Fly out, F2 (Popup, 2R)
Batting: LHB Roberto Madrid 0-0: Ball
1-0: Called Strike
1-1: Foul Ball, location: 2F
1-2: SINGLE (Line Drive, 4MD)
Kazu Hishida to second
Pinch Hitting: RHB Michael Bradshaw 0-0: Ball
1-0: Ball
2-0: Foul Ball, location: 2F
2-1: Ball
3-1: Grounds into double play, 4-6-3 (Groundball, 4)
Top of the 8th over - 0 run(s), 2 hit(s), 0 error(s), 1 left on base; Richland 0 - Billings 2
BOTTOM OF THE 8TH
Billings Polar Bears batting - Pitching for Richland Rails : LHP Carlos Barajas
Now in CF: Júlio Hernández
Batting: RHB Nathan Landrum 0-0: Ball
1-0: Ball
2-0: Ball
3-0: Called Strike
3-1: Called Strike
3-2: Foul Ball, location: 2F
3-2: Base on Balls
Batting: RHB Manny Alemán 0-0: Foul Ball, location: 2F
0-1: Fly out, F8 (Flyball, 78M)
Batting: RHB Arturo Mateo 0-0: Ball
1-0: Ball
2-0: Ball
3-0: Foul Ball, location: 2F
3-1: Base on Balls
Nathan Landrum to second
Batting: RHB Jeff Conn 0-0: Called Strike
Nathan Landrum is caught stealing 3rd base
Arturo Mateo to second
0-1: Ball
1-1: Ball
2-1: SINGLE (Line Drive, 34S)
Arturo Mateo to third
Runner from 3rd tries for Home, SAFE, no throw
Batting: RHB Tom Milligan 0-0: Ball
1-0: Ball
2-0: Ball
3-0: Base on Balls
Jeff Conn to second
Batting: LHB Víctor Fortis 0-0: Called Strike
0-1: Ball
1-1: DOUBLE (Groundball, 3L)
Jeff Conn scores
Tom Milligan to third
Runner from 3rd tries for Home, SAFE, no throw
Pitching: LHP Léonard Moreau
Batting: RHB Jorge Díaz 0-0: Ball
1-0: Fly out, F8 (Flyball, 8RS)
Bottom of the 8th over - 3 run(s), 2 hit(s), 0 error(s), 1 left on base; Richland 0 - Billings 5
TOP OF THE 9TH
Richland Rails batting - Pitching for Billings Polar Bears : RHP José Maestas
Pitching: RHP Jim Unknown
Batting: LHB Orlando Casillas 0-0: Ball
1-0: Swinging Strike
1-1: Swinging Strike
1-2: Ball
2-2: Foul Ball, location: 2F
2-2: Strikes out looking
Batting: SHB Jasper Otto 0-0: Swinging Strike
0-1: Called Strike
0-2: Foul Ball, location: 2F
0-2: Foul Ball, location: 2F
0-2: Strikes out swinging
Batting: SHB Pablo Coloa 0-0: Ground out 4-3 (Groundball, 4)
Top of the 9th over - 0 run(s), 0 hit(s), 0 error(s), 0 left on base; Richland 0 - Billings 5
Monday, March 20th, 2017 - OOTP Baseball 17.12 Build 75